 Dungeon Crawl Stone Soup version 0.24.0-13-gcf9b3192b9 (webtiles) character file.

Game seed: 14912489250309699122, levelgen mode: deterministic

93 Delamore the Chopper (level 4, -6/58 HPs)
             Began as a Hill Orc Fighter on Nov 10, 2019.
             Killed by divine providence
             ... invoked by an orc priest
              (14 damage)
             ... on level 3 of the Dungeon.
             The game lasted 00:02:29 (1716 turns).

Delamore the Chopper (Hill Orc Fighter)             Turns: 1716, Time: 00:02:30

Health: -6/58      AC: 22    Str: 19    XL:     4   Next: 62%
Magic:  4/4        EV:  2    Int:  8    God:
Gold:   82         SH:  9    Dex: 15    Spells: 3/3 levels left

rFire    . . .     SeeInvis .   a - +0 war axe
rCold    . . .     Gourm    .   c - +0 shield
rNeg     + + +     Faith    .   (armour currently unavailable)
rPois    +         Spirit   .   (helmet currently unavailable)
rElec    .         Reflect  .   (cloak currently unavailable)
rCorr    .         Harm     .   (gloves currently unavailable)
MR       +....     NoTele   +   (boots currently unavailable)
Stlth    +.........             (no amulet)
HPRegen  0.19/turn              g - +5 ring of dexterity
MPRegen  0.09/turn              h - ring of protection from magic

@: tree-form
A: no striking features
a: Convert to Beogh


You were on level 3 of the Dungeon.
You were near starving.
You were a tree.
You visited 1 branch of the dungeon, and saw 3 of its levels.

You collected 82 gold pieces.

Inventory:

Hand Weapons
 a - a +0 war axe (weapon)
Armour
 b - a +0 scale mail (melded)
 c - a +0 shield (worn)
Jewellery
 g - a +5 ring of dexterity (left branch)
 h - a ring of protection from magic (right branch)
Scrolls
 j - 4 scrolls of identify {unknown}
 k - a scroll of enchant weapon {unknown}
 l - a scroll of fog {unknown}
 m - 2 scrolls of remove curse {unknown}
 n - 2 scrolls of amnesia {unknown}
 o - a scroll of enchant armour {unknown}
 q - a scroll of random uselessness {unknown}
 r - a scroll of teleportation {unknown}
Potions
 d - 2 potions of might
 e - a potion of agility {unknown}
 i - a potion of flight
Comestibles
 f - 3 rations
 s - a chunk of flesh


   Skills:
 - Level 3.6 Fighting
 + Level 6.2 Axes
 - Level 3.2 Armour
 - Level 3.2 Shields


You had 3 spell levels left.
You didn't know any spells.
Your spell library was empty.

Dungeon Overview and Level Annotations

Branches:
Dungeon (3/15)

Altars:
Sif Muna
Trog


Message History

The orc wizard hits you with a +0 dagger.
* * * LOW HITPOINT WARNING * * *
There are monsters nearby!
It was a potion of flight.
You feel very buoyant.
You fly up into the air.
The orc priest begins to cast a cantrip, but forgets the words!
The orc wizard hits you but does no damage.
It was a potion of lignification.
You turn into a tree.
Your +0 scale mail melds into your body.
Your roots penetrate the ground.
You block the orc wizard's attack.
The orc wizard hits you but does no damage.
You slash the orc wizard!
The orc wizard is almost dead.
The orc wizard hits you but does no damage.
The orc wizard casts a spell.
The orc wizard blinks!
The orc priest calls down the wrath of Beogh upon you.
Beogh smites you!
You die...

#........ ....
#......o ..) #....o.#
.. #....o.######## #.
#.............# #.
#####.........# #.
#.........# #.
...########o.÷.o....#
#.
........♣§ooo.......#
#.
...##########.#######
#. #.# #. #.# #. #.#
## #.# #.###########
#(...........
#############


You could see 2 orc priests, an orc wizard and 2 orcs.

Vanquished Creatures
  3 adders
  2 adder zombies (D:2)
  A worm (D:2)
  An adder skeleton (D:2)
  4 dart slugs
  3 leopard geckos (D:2)
  2 orcs (D:3)
  3 bats
  A bat skeleton (D:2)
  A giant cockroach (D:2)
  A hobgoblin (D:2)
  3 jackals (D:1)
  A frilled lizard (D:2)
  A giant cockroach zombie (D:2)
  6 goblins
  A jackal skeleton (D:2)
  A jackal zombie (D:2)
  5 kobolds
  A leopard gecko zombie (D:2)
  A rat (D:3)
42 creatures vanquished.

Notes
Turn   | Place    | Note
-------+----------+-------------------------------------------
     0 | D:1      | Delamore the Hill Orc Fighter began the quest for the Orb.
     0 | D:1      | Reached XP level 1. HP: 19/19 MP: 1/1
    99 | D:1      | Reached skill level 3 in Axes
   162 | D:1      | Reached XP level 2. HP: 26/26 MP: 2/2
   234 | D:1      | Reached skill level 4 in Axes
   533 | D:2      | Reached XP level 3. HP: 29/31 MP: 3/3
   638 | D:2      | Reached skill level 5 in Axes
   922 | D:2      | Found a bloodstained altar of Trog.
   929 | D:2      | Reached XP level 4. HP: 36/39 MP: 4/4
   980 | D:2      | Found a shimmering blue altar of Sif Muna.
  1117 | D:2      | Reached skill level 6 in Axes
  1716 | D:3      | Killed from afar by an orc priest

Levels and vault maps discovered:
D:1:      saegor_arrival_miasma, layout_rooms
D:2:      layout_basic, lemuel_round_altar, lemuel_doored_altar, serial_undead,
          serial_undead_d, serial_undead_c, serial_undead_e, serial_undead_a,
          serial_undead_c, serial_undead_a, serial_undead_d, serial_undead_f
D:3:      layout_basic, nicolae_gozag_seed_capital, lemuel_blue_sif_altar

Skill      XL: |  1  2  3  4 |
---------------+-------------+-----
Axes           | 3 4 5 6 |  6.2
Fighting       | |  3.6
Armour         | |  3.2
Shields        | |  3.2

Action                   |  1- 3 |  4- 6 || total
-------------------------+-------+-------++-------
Melee: War axe           |    87 |    44 ||   131
  Use: Potion            |       |     2 ||     2
  Eat: Chunk             |       |     1 ||     1
Armor: Scale mail        |    36 |    12 ||    48
       Skin              |       |     1 ||     1
Dodge: Dodged            |    26 |     5 ||    31
Block: Shield            |    52 |    25 ||    77
